 Dungeon Crawl Stone Soup version 0.30.1-4-g462c640d31 (webtiles) character file.

Game seed: 17347982837002643644

114 RoadWalker the Trooper (level 4, 0/33 (40) HPs)
             Began as a Hill Orc Fighter on Sept 6, 2023.
             Slain by a kobold brigand
             ... wielding a +0 dagger
              (3 damage)
             ... in a sewer.
             The game lasted 00:02:10 (461 turns).

RoadWalker the Trooper (Hill Orc Fighter)            Turns: 461, Time: 00:02:10

HP:   0/33 (40)     AC:  7    Str: 18    XL:     4   Next: 97%
MP:   4/4           EV:  9    Int: 10    God:
Gold: 17            SH:  4    Dex: 10    Spells: 3/3 levels left

rFire   + . .        a - +0 war axe
rCold   + . .        c - +0 buckler
rNeg    . . .        b - +0 scale mail
rPois   +            (no helmet)
rElec   +            (no cloak)
rCorr   +            (no gloves)
SInv    .            (no boots)
Will    .....        (no amulet) Stlth
                     (no ring)
HPRegen 0.25/turn    (no ring)
MPRegen 0.09/turn

%: no passive effects
@: mighty, resistant, attractive, flying, heavily drained, invisible
A: no striking features
a: no special abilities


You were in a sewer.
You visited 1 branch of the dungeon, and saw 3 of its levels.
You also visited: Sewer.

You collected 17 gold pieces.

Inventory:

Hand Weapons
 a - a +0 war axe (weapon)
Armour
 b - a +0 scale mail (worn)
 c - a +0 buckler (worn)
Potions
 d - a potion of might
 g - a potion of invisibility


   Skills:
 * Level 4.2 Fighting
 * Level 4.2 Axes
 * Level 4.0 Armour
 * Level 0.8 Dodging
 * Level 0.9 Stealth
 * Level 3.7 Shields


You had 3 spell levels left.
You didn't know any spells.
Your spell library was empty.

Dungeon Overview and Level Annotations

Branches:
Dungeon (3/15)              Sewer (1/1)

Altars:


Message History

The poisoned dart hits the kobold brigand!
The kobold brigand looks as sick as possible!
The kobold is attracted toward you. x2
The kobold is attracted toward you. x2
The kobold brigand throws a poisoned dart.
The poisoned dart hits the kobold brigand!
The kobold brigand looks as sick as possible!
The kobold brigand is attracted toward you.
The kobold is attracted toward you. x2
Things that are here:
a rat corpse; a river rat corpse The kobold is attracted toward you. x2
The kobold is attracted toward you. x2
There is an empty arch of ancient stone here.
The kobold brigand dies!
The kobold brigand is attracted toward you.
The kobold is attracted toward you. x2
Your Axes skill increases to level 4!
Your Armour skill increases to level 4!
There is a gate leading back out of this place here.
The kobold brigand throws a poisoned dart.
You block the poisoned dart.
The kobold brigand is attracted toward you.
The kobold is attracted toward you. x2
As you read the scroll labelled OCZUDA EFAORPH, it crumbles to dust.
It is a scroll of amnesia.
You feel forgetful for a moment.
The kobold throws a stone.
The stone misses the kobold brigand.
The stone closely misses you.
The kobold brigand hits you with a +0 dagger.
* * * LOW HITPOINT WARNING * * *
You strike the helpless kobold brigand from behind!
You slash the kobold brigand!
The kobold brigand is severely wounded.
The kobold brigand closely misses you.
The kobold throws a stone.
The stone barely misses the kobold brigand.
The stone closely misses you.
You miss the kobold brigand.
The kobold brigand is severely wounded.
You block the kobold brigand's attack.
The kobold brigand hits you with a +0 dagger.
You die...

#§#
#.#
#.#
#.#
#÷#
#K#
#K#
#K#
#@#
#.#
#.#
#.#
#.#
#.#
###


You could see a kobold brigand (unable to see you) and 2 kobolds.

Vanquished Creatures
  2 adders (D:2)
  4 river rats (Sewer)
  A ball python (D:1)
  3 bats
  2 endoplasms
  2 goblins (D:1)
  A hobgoblin (D:2)
  2 jackals (Sewer)
  A frilled lizard (D:3)
  2 rats (Sewer)
20 creatures vanquished.

Vanquished Creatures (others)
  A kobold brigand (Sewer)
1 creature vanquished.

Grand Total: 21 creatures vanquished

Notes
Turn   | Place    | Note
-------+----------+-------------------------------------------
     0 | D:1      | RoadWalker the Hill Orc Fighter began the quest for the
                  | Orb.
     0 | D:1      | Reached XP level 1. HP: 19/19 MP: 1/1
    91 | D:1      | Reached XP level 2. HP: 15/27 MP: 2/2
   178 | D:2      | Reached XP level 3. HP: 31/33 MP: 3/3
   246 | D:3      | Found a glowing drain.
   258 | Sewer    | Entered a sewer
   274 | Sewer    | Reached XP level 4. HP: 16/40 MP: 4/4
   404 | Sewer    | Noticed a kobold brigand
   406 | Sewer    | Noticed a kobold brigand
   457 | Sewer    | Killed a kobold brigand
   461 | Sewer    | Slain by a kobold brigand

Illustrated notes

Levels and vault maps discovered:
D:1:      sevenhm_arrival_forest_fort_small_4, layout_basic,
          dreamdust_ecumenical_altar_hidden_monk_grotto
D:2:      layout_rooms, hangedman_abyss_or_decor_lesser_grid, solitary_fountain
D:3:      layout_loops_corners, cheibrodos_sewer_entry_sluice
Sewer:    sewer_kobolds

Skill      XL: |  1  2  3  4 |
---------------+-------------+-----
Axes           | 3 4 |  4.2
Fighting       | 4 |  4.2
Armour         | 4 |  4.0
Dodging        | |  0.8
Stealth        | |  0.9
Shields        | |  3.7

Action                     |  1- 3 |  4- 6 || total
---------------------------+-------+-------++-------
  Melee: War axe           |    49 |    20 ||    69
    Use: Potion            |       |     5 ||     5
         Scroll            |       |     1 ||     1
   Stab: Invisible         |       |     1 ||     1
 Armour: Scale mail        |    52 |    22 ||    74
  Dodge: Dodged            |    49 |    20 ||    69
  Block: Buckler           |    18 |     5 ||    23
